 Dungeon Crawl Stone Soup version 0.20.1-1-g8b1a95d (webtiles) character file.

4029 Zedayar the Grappler (level 10, -5/92 HPs)
             Began as a Troll Berserker on Sept 9, 2017.
             Was a High Priest of Trog.
             Slain by a blink frog (20 damage)
             ... on level 1 of the Lair of Beasts.
             The game lasted 00:13:32 (5512 turns).

Zedayar the Grappler (Troll Berserker)              Turns: 5512, Time: 00:13:32

Health: -5/92      AC:  5    Str: 30    XL:     10   Next: 4%
Magic:  9/9        EV: 11    Int:  3    God:    Trog [*****.]
Gold:   346        SH: 10    Dex:  9    Spells: 9/9 levels left

rFire    . . .     SeeInvis .     - Unarmed
rCold    . . .     Gourm    +   g - +0 shield
rNeg     . . .     Faith    .   a - +0 animal skin
rPois    .         Spirit   .   (helmet restricted)
rElec    .         Reflect  .   (no cloak)
rCorr    .         Harm     .   (gloves unavailable)
MR       +....                  (boots unavailable)
Stlth    +.........             u - amulet of regeneration
Regen    1.1/turn               c - +2 ring of evasion
MPRegen  0.2/turn               w - ring of protection from magic

@: no status effects
A: unfitting armour, claws 3, fast metabolism 3, gourmand, regeneration 1,
shaggy fur 1, tough skin 2
a: Berserk, Trog's Hand, Brothers in Arms, Burn Spellbooks, Renounce Religion


You were on level 1 of the Lair of Beasts.
You worshipped Trog.
Trog was extremely pleased with you.
You were very full.

You visited 2 branches of the dungeon, and saw 9 of its levels.

You collected 346 gold pieces.

Inventory:

Missiles
 t - 4 tomahawks of returning (quivered)
Armour
 a - a +0 animal skin (worn)
 g - a +0 shield (worn)
Jewellery
 c - a +2 ring of evasion (left claw)
 m - a +1 ring of evasion
 u - an amulet of regeneration (around neck)
 v - an uncursed ring of positive energy
 w - a ring of protection from magic (right claw)
 B - an uncursed ring of protection from fire
 E - a +3 ring of slaying {unknown}
 G - an uncursed ring of wizardry {unknown}
Wands
 I - a wand of paralysis (5/24)
Scrolls
 d - 3 scrolls of blinking
 e - 2 scrolls of amnesia
 i - 4 scrolls of immolation
 q - a scroll of enchant weapon
 r - 2 scrolls of magic mapping
 x - 2 scrolls of remove curse
 y - a scroll of enchant armour {unknown}
 D - a scroll of fog {unknown}
 H - a scroll of fear {unknown}
Potions
 f - 2 potions of magic
 h - 4 potions of brilliance
 j - a potion of agility
 l - a potion of haste
 o - 2 potions of berserk rage
 s - a potion of curing
 z - 2 potions of ambrosia
 C - a potion of lignification
 F - a potion of cancellation
Comestibles
 b - 2 bread rations
 n - 2 royal jellies
 p - 3 meat rations
 A - a fruit
 J - 12 chunks of flesh


   Skills:
 + Level 3.7 Fighting
 * Level 3.6 Throwing
 - Level 2.8 Dodging
 * Level 5.4 Shields
 * Level 11.7 Unarmed Combat


You had 9 spell levels left.
You didn't know any spells.

Dungeon Overview and Level Annotations

Branches:
Dungeon (8/15)             Temple (0/1) D:4            Lair (1/6) D:8

Altars:
Nemelex Xobeh

Shops:
D:7 (


Innate Abilities, Weirdness & Mutations

You are too large for most types of armour.
You have claws for hands.
Your metabolism is lightning-fast.
You like to eat raw meat.
Your natural rate of healing is unusually fast.
You are covered in fur. (AC +1)
You have very tough skin. (AC +2)


Message History

The blink frog blinks!
The blink frog closely misses you. You block the blink frog's attack. x2
You closely miss the blink frog. The blink frog misses you.
The blink frog hits you! You block the blink frog's attack.
The blink frog barely misses you.
You completely miss the blink frog. The blink frog hits you.
The blink frog misses you. You block the blink frog's attack.
The blink frog misses you.
You claw the blink frog!
The blink frog is moderately wounded.
You block the blink frog's attack.
The blink frog blinks!
You block the blink frog's attack. The blink frog hits you!
* * * LOW HITPOINT WARNING * * *
The blink frog blinks! x2
A spiny frog comes into view.
You block the blink frog's attack. The blink frog barely misses you.
The blink frog blinks!
The blink frog hits you!
* * * LOW HITPOINT WARNING * * *
The blink frog blinks!
The blink frog hits you!!
You die...

#.........#.....
#)..........F..≈
#...............
##........F......
.......F........#
...............P
#.§.§........
#.@§........
#.§F........
###.........
#..F....#.
#.#.......
###.....#?
....... .....#.


You could see a spiny frog and 4 blink frogs.

Vanquished Creatures
  The ghost of reteaz the Cleaver, a novice DsCK of Xom (D:8)
  The ghost of hilaritas the Frost Mage, a novice DEIE (D:5)
  2 hippogriffs
  The ghost of Rhok the Chopper, an amateur HOFi (D:4)
  2 wargs (D:8)
  A water moccasin (D:8)
  4 ice beasts
  A black bear (D:7)
  2 orc warriors (D:8)
  An ogre (D:6)
  A centaur (D:7)
  A bullfrog (D:3)
  2 wyvern zombies
  A scorpion (D:7)
  A water moccasin skeleton (D:5)
  3 howler monkeys (D:5)
  A centaur zombie (D:6)
  2 crimson imps (D:5)
  3 hounds
  4 jellies
  2 orc priests (D:7)
  An iguana (D:6)
  A bullfrog skeleton (D:7)
  Jessica (D:3)
  9 orc wizards
  Natasha (thrice) (D:4)
  2 worker ants (D:5)
  A worker ant zombie (D:8)
  Robin (D:4)
  4 gnolls (D:3)
  13 adders
  A shadow imp (D:6)
  6 oozes (D:2)
  2 worms
  3 leopard geckos
  33 orcs
  7 bats
  7 giant cockroaches
  12 goblins
  6 hobgoblins
  A jackal (D:8)
  2 quokkas
  A ball python (D:3)
  3 frilled lizards
  A jackal zombie (D:7)
  16 kobolds
  A leopard gecko skeleton (D:5)
  A leopard gecko zombie (D:6)
  A quokka skeleton (D:4)
  10 rats
187 creatures vanquished.

Vanquished Creatures (others)
  A fungus (D:2)
  9 toadstools (D:2)
10 creatures vanquished.

Grand Total: 197 creatures vanquished

Notes
Turn   | Place    | Note
-------+----------+-------------------------------------------
     0 | D:1      | Zedayar the Troll Berserker began the quest for the Orb.
     0 | D:1      | Reached XP level 1. HP: 22/22 MP: 0/0
   347 | D:1      | Reached XP level 2. HP: 25/29 MP: 1/1
   828 | D:2      | Reached XP level 3. HP: 31/36 MP: 2/2
   846 | D:2      | Reached ** piety under Trog
  1047 | D:2      | Reached skill level 1 in Shields
  1047 | D:2      | Reached skill level 4 in Unarmed Combat
  1047 | D:2      | Reached XP level 4. HP: 17/44 MP: 3/3
  1062 | D:2      | Reached XP level 5. HP: 26/52 MP: 4/4
  1836 | D:3      | Reached skill level 5 in Unarmed Combat
  1986 | D:3      | Reached XP level 6. HP: 61/61 MP: 5/5
  2189 | D:3      | Noticed Jessica
  2214 | D:3      | Killed Jessica
  2214 | D:3      | Reached *** piety under Trog
  2325 | D:4      | Found a staircase to the Ecumenical Temple.
  2325 | D:4      | Noticed Natasha
  2329 | D:4      | Killed Natasha
  2369 | D:4      | Reached skill level 6 in Unarmed Combat
  2435 | D:4      | Noticed Robin
  2445 | D:4      | Received a gift from Trog
  2452 | D:4      | Killed Robin
  2577 | D:4      | Noticed Natasha
  2581 | D:4      | Noticed Rhok's ghost (amateur HOFi)
  2584 | D:4      | Killed Natasha
  2596 | D:4      | Killed Rhok's ghost
  2596 | D:4      | Reached XP level 7. HP: 48/67 MP: 6/6
  2830 | D:4      | Noticed Natasha
  2835 | D:4      | Killed Natasha
  2839 | D:4      | Reached skill level 7 in Unarmed Combat
  2866 | D:4      | Reached **** piety under Trog
  2989 | D:5      | Entered Level 5 of the Dungeon
  3032 | D:5      | Noticed hilaritas's ghost (novice DEIE)
  3039 | D:5      | Killed hilaritas's ghost
  3039 | D:5      | Reached skill level 1 in Throwing
  3039 | D:5      | Reached skill level 8 in Unarmed Combat
  3039 | D:5      | Reached XP level 8. HP: 62/75 MP: 7/7
  3786 | D:5      | Found a sparkling altar of Nemelex Xobeh.
  3984 | D:6      | Reached skill level 9 in Unarmed Combat
  4573 | D:7      | Reached XP level 9. HP: 83/83 MP: 8/8
  4591 | D:7      | Found Huiqiq's Weapon Shoppe.
  4656 | D:7      | Reached skill level 10 in Unarmed Combat
  4804 | D:7      | Reached ***** piety under Trog
  5222 | D:8      | Reached skill level 5 in Shields
  5286 | D:8      | Found a staircase to the Lair.
  5299 | D:8      | Reached skill level 11 in Unarmed Combat
  5310 | D:8      | Noticed reteaz's ghost (novice DsCK)
  5330 | D:8      | Killed reteaz's ghost
  5330 | D:8      | Reached XP level 10. HP: 62/92 MP: 9/9
  5498 | Lair:1   | Entered Level 1 of the Lair of Beasts
  5512 | Lair:1   | Noticed a spiny frog
  5512 | Lair:1   | Slain by a blink frog

Skill      XL: |  1  2  3  4  5  6  7  8  9 |
---------------+----------------------------+-----
Shields        | 1 2 3 4 5 |  5.4
Unarmed Combat | 4 5 6 8 9 11 | 11.7
Fighting       | 3 |  3.7
Throwing       | 1 2 3 |  3.6
Dodging        | |  2.8

Action                   |  1- 3 |  4- 6 |  7- 9 | 10-12 || total
-------------------------+-------+-------+-------+-------++-------
Melee: Unarmed           |   121 |   204 |   262 |    34 ||   621
Throw: Tomahawk          |       |       |     5 |       ||     5
Invok: Burn Spellbooks   |       |       |     1 |       ||     1
  Use: Scroll            |     2 |       |       |     8 ||    10
       Potion            |       |       |       |     5 ||     5
 Stab: Sleeping          |       |       |     1 |       ||     1
  Eat: Chunk             |    11 |    14 |    17 |     5 ||    47
       Bread ration      |     1 |       |     1 |       ||     2
Armor: Animal skin       |    45 |    39 |    49 |     1 ||   134
Dodge: Dodged            |    41 |    80 |    91 |    10 ||   222
Block: Shield            |    48 |    86 |   105 |    20 ||   259
